[Event "World Junior U20 Girls 2018"]
[Site "Gebze"]
[Date "2018.09.11"]
[Round "7"]
[White "Tokhirjonova, Gulrukhbegim"]
[Black "Mahalakshmi, M."]
[Result "1-0"]
[ECO "B12"]
[WhiteElo "2369"]
[BlackElo "2213"]
[Annotator "NA"]
[PlyCount "125"]
[EventDate "2018.09.05"]
[EventType "swiss"]
[EventCountry "TUR"]
[SourceTitle "playchess.com"]
[Source "ChessBase"]
[SourceQuality "1"]
[TimeControl "40/5400+30:1800+30"]

1. e4 c6 2. d4 d5 3. e5 c5 4. Nf3 cxd4 5. Nxd4 e6 {[%emt 0:00:30] LiveBook: 36 Partien B12: Caro-Kann (Vorstoß-Variante)} 6. c4 Bc5 7. Nb3 Bb6 8. Nc3 Ne7 9. Qg4 $146 ({Vorgänger:} 9. Bg5 Nbc6 10. cxd5 exd5 11. Bxe7 Qxe7 12. Nxd5 Qxe5+ 13. Qe2 {0-1 (45) Nijboer,F (2492)-Van Foreest,J (2641) Hilversum 2018}) 9... O-O 10. Bg5 Qc7 11. c5 Qxe5+ 12. Be2 Bd8 13. f4 Qc7 14. Nb5 Qc6 15. O-O Nf5 16. Bxd8 Rxd8 17. Bd3 Re8 18. Qh3 g6 19. g4 a6 20. a4 Ng7 21. Qe3 Qd7 22. Nd6 Rf8 23. Nd4 e5 24. fxe5 Qxg4+ 25. Kh1 Nc6 26. Rf4 Qg5 27. Nxc6 bxc6 28. Rg1 Qe7 29. Rf6 Rb8 30. Qg5 Qa7 31. Nxc8 Rbxc8 32. b4 Rfe8 33. Rgf1 Rc7 34. R1f3 Rce7 35. Rxc6 Rxe5 36. Qf6 Qd7 37. Rd6 Re1+ 38. Bf1 Qc7 39. Rc6 Qd7 40. Rd6 Qc7 41. Rxd5 R1e6 42. Qf4 Qb7 43. Qd2 Nf5 44. b5 axb5 45. axb5 Qa8 (45... Ne3 $11 {keeps the balance.} 46. c6 Qb6 47. Rxe3 Rxe3) 46. c6 Re1 47. Rdxf5 $18 gxf5 48. Qg5+ Kf8 49. Qxf5 Qa2 50. Qc5+ R1e7 51. Qd6 Qe6 52. Qxe6 Rxe6 53. Bc4 Re1+ 54. Kg2 Ke7 55. b6 Kd6 56. c7 Rb1 57. Bxf7 Rc8 58. Bb3 Re8 59. Rf6+ Kc5 60. b7 Rb2+ 61. Rf2 Rxf2+ 62. Kxf2 Rf8+ 63. Kg2 1-0

[Event "World Junior U20 Girls 2018"]
[Site "Gebze"]
[Date "2018.09.11"]
[Round "7"]
[White "Dordzhieva, Dinara"]
[Black "Khomeriki, Nino"]
[Result "1-0"]
[ECO "D37"]
[WhiteElo "2318"]
[BlackElo "2313"]
[Annotator "NA"]
[PlyCount "129"]
[EventDate "2018.09.05"]
[EventType "swiss"]
[EventCountry "TUR"]
[SourceTitle "playchess.com"]
[Source "ChessBase"]
[SourceQuality "1"]
[TimeControl "40/5400+30:1800+30"]

1. d4 d5 2. c4 e6 3. Nc3 Be7 4. Bf4 Nf6 5. e3 c6 6. h3 O-O 7. Nf3 Nbd7 8. Bd3 dxc4 9. Bxc4 {[%emt 0:00:30] LiveBook: 17 Partien} Nb6 10. Bd3 {[%emt 0:03:00] D37: Queen's Gambit Declined: 5 Bf4} (10. Bb3 Nbd5 11. Bh2 Qa5 12. Rc1 Nxc3 13. bxc3 c5 14. Ne5 cxd4 15. exd4 Ba3 16. Rc2 Bd7 17. O-O Rac8 {1-0 (33) Jedynak,R (2394)-Hlavnicka,J (2166) Czech Republic 2016}) 10... Nbd5 11. Bh2 Qa5 12. Qb3 c5 13. O-O cxd4 14. Nxd5 Qxd5 15. Bc4 $146 ({Predecessor:} 15. Nxd4) 15... Qa5 16. Nxd4 Qb4 17. Qxb4 Bxb4 18. Rfd1 Bd7 19. Be2 Rac8 20. Bf3 Nd5 21. Rac1 Rxc1 22. Rxc1 Rc8 23. Rd1 Ba4 24. Nb3 f6 25. Bg4 f5 26. Bf3 Be7 27. Be5 Nb4 28. Bxb7 Rc2 29. Nd4 Rxb2 30. Nxe6 Rxa2 31. Rc1 Bb3 (31... Kf7 $16 {might work better.}) 32. Nd4 Bd5 33. Rc8+ Kf7 34. Rc7 Bxb7 35. Rxb7 Nd5 36. Nxf5 Ke6 37. Nxe7 Nxe7 38. Bxg7 h5 39. g4 hxg4 40. hxg4 a5 41. Ra7 Nd5 42. Bd4 Nb4 43. Bc3 Nd3 44. Ra6+ Ke7 45. g5 Rc2 46. Bf6+ Kf7 47. Bd4 Rxf2 48. g6+ Kg8 49. Rxa5 Rf3 50. Ra8+ Rf8 51. Ra7 Rd8 52. Rg7+ Kf8 53. Rf7+ Kg8 54. Rh7 Rxd4 55. exd4 Nf4 56. Kf2 Nxg6 57. Rb7 Kf8 58. Ke3 Ke8 59. Ke4 Kd8 60. Kd5 Nf4+ 61. Kd6 Kc8 62. Rf7 Ne2 63. d5 Nd4 64. Rf8+ Kb7 65. Kd7 1-0

[Event "World Junior U20 Girls 2018"]
[Site "Gebze"]
[Date "2018.09.11"]
[Round "7"]
[White "Gorti, Akshita"]
[Black "Tsolakidou, Stavroula"]
[Result "1-0"]
[ECO "E46"]
[WhiteElo "2315"]
[BlackElo "2393"]
[Annotator "NA"]
[PlyCount "75"]
[EventDate "2018.09.05"]
[EventType "swiss"]
[EventCountry "TUR"]
[SourceTitle "playchess.com"]
[Source "ChessBase"]
[SourceQuality "1"]
[TimeControl "40/5400+30:1800+30"]

1. d4 Nf6 2. c4 e6 3. Nc3 Bb4 4. e3 O-O 5. Nge2 c6 {[%emt 0:03:30] E46: Nimzo-Indian: Rubinstein: 4 e3 0-0 5 Ne2 without early Bd3} (5... Re8 6. a3 Bf8 7. d5 d6 8. g3 exd5 9. cxd5 c5 10. Bg2 Nbd7 11. O-O c4 12. Nd4 Nc5 13. Qe2 Nd3 14. b3 Nxc1 15. Rfxc1 cxb3 {½-½ (74) Caruana,F (2822)-So,W (2780) Saint Louis 2018}) 6. a3 Ba5 7. Qc2 d5 8. Ng3 Nbd7 9. Be2 {[%emt 0:02:30] LiveBook: 38 Games} Bc7 10. O-O dxc4 11. Bxc4 e5 12. Rd1 exd4 13. Rxd4 Qe8 $146 14. Nce4 c5 15. Nd6 Bxd6 16. Rxd6 Qe5 {[%emt 0:00:00] [#]} 17. Rd1 $1 Nb6 18. Be2 Bd7 19. Bd2 Rac8 20. Bc3 Qe6 21. a4 Nbd5 22. Bxf6 Nxf6 23. Bc4 Qe5 24. Qb3 Bc6 25. Rd2 g6 26. Rad1 Qe7 27. h3 b6 28. Rd6 Ne8 29. R6d2 Nf6 30. f3 Kg7 31. Qc3 Bxa4 32. Ne4 Bc6 $18 (32... Bxd1 {[#]} 33. Rd7 $3 $18 ) (32... b5 {was worth a try.}) 33. Bd5 Rfd8 34. g4 h6 35. h4 g5 36. hxg5 hxg5 37. Ng3 Qc7 38. Nh5+ 1-0

[Event "World Junior U20 Girls 2018"]
[Site "Gebze"]
[Date "2018.09.11"]
[Round "7"]
[White "Unuk, Laura"]
[Black "Nurgali, Nazerke"]
[Result "0-1"]
[ECO "E18"]
[WhiteElo "2299"]
[BlackElo "2080"]
[Annotator "NA"]
[PlyCount "84"]
[EventDate "2018.09.05"]
[EventType "swiss"]
[EventCountry "TUR"]
[SourceTitle "playchess.com"]
[Source "ChessBase"]
[SourceQuality "1"]
[TimeControl "40/5400+30:1800+30"]

1. d4 Nf6 2. Nf3 e6 3. c4 d5 4. g3 Be7 5. Bg2 O-O 6. O-O b6 7. cxd5 exd5 8. Nc3 Bb7 9. Bf4 Na6 10. Rc1 c5 11. Qc2 {[%emt 0:01:00] E18: Queen's Indian: Old Main Line (4 g3 Bb7 5 Bg2 Be7 6 0-0 0-0 7 Nc3)} (11. Ne5 Nc7 12. dxc5 bxc5 13. Qa4 Ne6 14. Rfd1 Nxf4 15. gxf4 Re8 16. Nxd5 Bxd5 17. Bxd5 Nxd5 18. Qc4 Bf8 19. Nxf7 Qf6 20. Ne5 Re6 21. Rxd5 Kh8 22. Rc3 Rb8 23. Nd7 Qg6+ 24. Rg5 {1-0 (24) Priyadharshan,K (2530)-Morrison,W (2334) Washington DC 2018}) 11... Nc7 12. Rfd1 Ne6 13. e3 $146 ({Predecessor:} 13. Be5 c4 14. b3 Rc8 15. bxc4 Rxc4 16. Nd2 Rc8 17. Qb3 Ne4 18. Ndxe4 dxe4 19. Ra1 Qd7 20. Nxe4 Bd5 21. Qd3 f6 22. Bf4 Nxf4 23. gxf4 {1-0 (23) Vekshenkov,N (2390)-Tregubov,A Pavlodar 1991}) 13... Nxf4 14. exf4 c4 15. Ne5 Qc7 16. Re1 a6 17. a4 Bb4 18. g4 Rad8 19. Re3 Bxc3 20. Rxc3 b5 21. Rh3 g6 22. g5 Nd7 ({Black should try} 22... Nh5 $15) 23. Re1 (23. axb5 $11 axb5 24. Ra3) 23... Nxe5 24. fxe5 Bc8 25. Rh6 b4 26. Re3 Be6 27. Rf3 c3 28. bxc3 Rc8 29. Bh3 Kg7 30. Bxe6 fxe6 31. Rfh3 Rh8 32. Rg3 Qc4 33. Rf3 b3 34. Qd2 $19 Rb8 35. Qb2 Qxa4 36. c4 Qa2 37. Qc3 b2 38. cxd5 b1=Q+ 39. Kg2 Qac2 40. Qa3 Qb7 41. dxe6 Qce4 42. Rhh3 Rhf8 0-1

[Event "World Junior U20 Girls 2018"]
[Site "Gebze"]
[Date "2018.09.11"]
[Round "7"]
[White "Antova, Gabriela"]
[Black "Assaubayeva, Bibisara"]
[Result "1/2-1/2"]
[ECO "E63"]
[WhiteElo "2292"]
[BlackElo "2371"]
[Annotator "NA"]
[PlyCount "105"]
[EventDate "2018.09.05"]
[EventType "swiss"]
[EventCountry "TUR"]
[SourceTitle "playchess.com"]
[Source "ChessBase"]
[SourceQuality "1"]
[TimeControl "40/5400+30:1800+30"]

1. d4 Nf6 2. c4 g6 3. Nf3 Bg7 4. g3 O-O 5. Bg2 d6 6. O-O Nc6 {[%emt 0:00:30] LiveBook: 5576 Games} 7. Nc3 a6 8. h3 Rb8 9. e4 b5 10. d5 {[%emt 0:00:30] E63: King's Indian: Fianchetto: Panno Variation with 7...a6} b4 11. Ne2 Na5 12. Qc2 c5 (12... c6 13. Nfd4 cxd5 14. exd5 Qc7 15. b3 e5 16. dxe6 fxe6 17. a3 bxa3 {1-0 (45) Aronian,L (2812)-Nakamura,H (2789) Zuerich 2014 CBM 159 [Krasenkow,M]}) 13. Be3 {[%emt 0:00:30] [#]} Qb6 $146 ({Predecessor:} 13... e5 14. b3 Nb7 15. Rae1 Bd7 16. Bc1 Qc8 17. Kh2 Ne8 {½-½ (40) Nielsen,P (2654)-Berg,E (2575) Sweden 2016}) 14. b3 Nb7 15. a4 Ne8 16. Rae1 Nd8 17. Nf4 e5 18. Nd3 f5 19. Nd2 Nf6 20. Kh2 Nf7 21. f4 fxe4 22. Nxe4 Bf5 23. Bc1 Rbe8 24. Nxf6+ Bxf6 25. Qd1 (25. Be4 $1 $14) 25... Qd8 26. Re2 Bxd3 27. Qxd3 exf4 28. Bxf4 Rxe2 29. Qxe2 Be5 30. Be4 Bxf4 31. Rxf4 Re8 32. Qg2 Qe7 33. Bc2 Qd8 ({Black should play} 33... Qe3 $17) 34. Re4 Rxe4 35. Qxe4 Qf6 36. Qe2 Qc3 37. Kg2 Ne5 38. Kf2 Kg7 39. Kg2 h5 40. Bd1 Qd4 41. Bc2 h4 42. gxh4 Qxh4 43. Qe4 Qg5+ 44. Kf2 a5 (44... Qc1 $17) 45. h4 Qd2+ 46. Kg3 Kh7 47. Kh3 Kh6 48. Kg3 Kg7 $17 49. Kh3 Qf2 50. h5 gxh5 51. Qh7+ Kf8 52. Qh6+ Kg8 53. Qh7+ 1/2-1/2

[Event "World Junior U20 Girls 2018"]
[Site "Gebze"]
[Date "2018.09.11"]
[Round "7"]
[White "Chitlange Sakshi"]
[Black "Ivana Maria, Furtado"]
[Result "1-0"]
[ECO "A57"]
[WhiteElo "2279"]
[BlackElo "2144"]
[Annotator "NA"]
[PlyCount "63"]
[EventDate "2018.09.05"]
[EventType "swiss"]
[EventCountry "TUR"]
[SourceTitle "playchess.com"]
[Source "ChessBase"]
[SourceQuality "1"]
[TimeControl "40/5400+30:1800+30"]

1. d4 Nf6 2. c4 c5 3. d5 b5 4. Qc2 bxc4 5. e4 e6 {[%emt 0:00:30] A57: Wolga/Benkö-Gambit} (5... d6 6. Bxc4 g6 7. Nc3 Bg7 8. Nf3 Nbd7 9. h3 O-O 10. O-O Rb8 11. Re1 Nh5 12. Be2 Ne5 13. Nxe5 Bxe5 14. Bxh5 gxh5 15. Bh6 Re8 16. Qd2 Kh8 17. Bf4 Bd4 18. Be3 {0-1 (63) Dreev,A (2644)-Perunovic,M (2622) Berlin 2015}) 6. Bxc4 exd5 7. exd5 d6 8. Ne2 Be7 9. Nbc3 O-O 10. O-O Nbd7 11. b3 Nb6 12. Bb2 Nxc4 13. bxc4 Rb8 $146 14. Nd1 Re8 15. Rb1 Bd7 16. Ne3 Ng4 17. Nxg4 Bxg4 18. Ng3 Bf6 19. Bxf6 Qxf6 20. Qa4 h5 21. h3 h4 22. Rxb8 Rxb8 23. Qxa7 Rb4 24. Ne4 $16 (24. hxg4 $18 hxg3 25. fxg3) 24... Qg6 25. Qe7 Bd7 26. Qd8+ Kh7 27. Ng5+ Kh6 28. f4 Qf5 29. Qh8+ Kg6 30. Qh7+ Kf6 31. Qxh4 Rb8 32. g4 1-0

[Event "World Junior U20 Girls 2018"]
[Site "Gebze"]
[Date "2018.09.11"]
[Round "7"]
[White "Potapova, Margarita"]
[Black "Sieber, Fiona"]
[Result "1-0"]
[ECO "C55"]
[WhiteElo "2277"]
[BlackElo "2277"]
[Annotator "NA"]
[PlyCount "83"]
[EventDate "2018.09.05"]
[EventType "swiss"]
[EventCountry "TUR"]
[SourceTitle "playchess.com"]
[Source "ChessBase"]
[SourceQuality "1"]
[TimeControl "40/5400+30:1800+30"]

1. e4 e5 2. Nf3 Nc6 3. Bc4 Nf6 4. d3 Be7 5. O-O O-O 6. Re1 d6 7. a4 Na5 8. Ba2 {[%emt 0:00:00] C55: Two Knights: 4 d3, 4 d4 exd4 5 e5 and Max Lange Attack} c5 9. Na3 Nc6 10. c3 h6 (10... a6 11. Bd2 Rb8 12. Nc2 Be6 13. Bxe6 fxe6 14. b4 b5 15. Qe2 Qd7 {½-½ (54) Duda,J (2707)-Naiditsch,A (2710) Linares 2017}) 11. h3 a6 12. Nc4 Be6 13. Bd2 b5 14. Ne3 Rb8 15. Qc2 $146 ({Predecessor:} 15. Nd5 Qd7 {0-1 (34) Swati,G (2257)-Pujari,R (2127) Bhopal 2017}) 15... Qd7 16. Kh2 Rfc8 17. axb5 axb5 18. Bxe6 fxe6 19. Ra6 d5 20. Ng4 Nxg4+ 21. hxg4 d4 22. cxd4 exd4 23. Qb3 c4 24. dxc4 bxc4 25. Qxc4 Bd6+ 26. g3 Nb4 27. Rxd6 Qxd6 28. Bxb4 Qxb4 29. Qxe6+ Kh8 30. Kg2 Rc2 31. g5 Qxb2 32. Rf1 h5 33. Ne5 Qb6 34. Nf7+ Kg8 $18 35. Nd6+ Kh8 36. Nf7+ Kg8 37. Nd6+ Kh8 38. g6 d3 39. Nf7+ Kg8 40. Nh6+ Kh8 41. Qg8+ Rxg8 42. Nf7# 1-0

[Event "World Junior U20 Girls 2018"]
[Site "Gebze"]
[Date "2018.09.11"]
[Round "7"]
[White "Sliwicka, Alicja"]
[Black "Meenal Gupta"]
[Result "1-0"]
[ECO "B98"]
[WhiteElo "2272"]
[BlackElo "1963"]
[Annotator "NA"]
[PlyCount "112"]
[EventDate "2018.09.05"]
[EventType "swiss"]
[EventCountry "TUR"]
[SourceTitle "playchess.com"]
[Source "ChessBase"]
[SourceQuality "1"]
[TimeControl "40/5400+30:1800+30"]

1. e4 c5 2. Nf3 d6 3. d4 cxd4 4. Nxd4 Nf6 5. Nc3 a6 6. Bg5 e6 7. Qd3 Be7 8. O-O-O Nbd7 9. f4 Qc7 10. Be2 {[%emt 0:00:30] LiveBook: 38 Games} b5 {[%emt 0:13:30] B98: Sicilian Najdorf: 6 Bg5 e6 7 f4 Be7, sidelines} 11. Bf3 Bb7 (11... b4 12. e5 dxe5 13. Bxa8 exd4 14. Ne2 h6 15. Bh4 O-O 16. Kb1 e5 17. Qf3 exf4 18. Nxf4 {½-½ (40) Harikrishna,P (2726)-Vachier Lagrave,M (2766) Biel 2014 CBM 162 [CB]}) 12. Bxf6 gxf6 13. a3 O-O-O 14. Kb1 $146 ({Predecessor:} 14. Bh5 Rdf8 15. Rhe1 Rhg8 16. g3 Nb6 17. f5 e5 18. Nde2 {½-½ (44) Godoy Bugueno,D (2355)-Valiente,C (2335) Santiago de Chile 1995}) 14... Kb8 15. Bh5 Rhf8 16. Qh3 Rc8 17. Rhe1 Nb6 18. Rd3 d5 19. exd5 Bxd5 20. Bf3 (20. Nxd5 $16 Nxd5 21. Bf3) 20... Rfd8 21. Red1 Bxf3 22. Qxf3 Nd5 23. f5 Qb6 24. Nxd5 Rxd5 25. fxe6 fxe6 26. Qe4 Rc4 27. Qxe6 Qxe6 28. Nxe6 Rxd3 29. Rxd3 Re4 30. Nd4 Re1+ 31. Ka2 Bc5 32. Nf3 Re2 33. Rd2 Re6 34. Kb3 Kc7 35. c3 Re4 36. Kc2 Kc6 $18 37. Nd4+ Bxd4 38. Rxd4 Re2+ 39. Rd2 Re6 40. Rf2 Kd6 41. Kd3 Kd5 42. b3 Rd6 43. Rf4 Ke5+ 44. Rd4 Rc6 45. c4 bxc4+ 46. Rxc4 Rd6+ 47. Ke3 Rd1 48. Ra4 Re1+ 49. Kf3 Rf1+ 50. Kg3 Rb1 51. b4 Rb3+ 52. Kh4 Rb2 53. Kh3 Rb3+ 54. g3 f5 55. Kh4 Rb2 56. h3 Kd5 1-0

[Event "World Junior U20 Girls 2018"]
[Site "Gebze"]
[Date "2018.09.11"]
[Round "7"]
[White "Haussernot, Cecile"]
[Black "Zhu, Jiner"]
[Result "0-1"]
[ECO "B52"]
[WhiteElo "2237"]
[BlackElo "2364"]
[Annotator "NA"]
[PlyCount "82"]
[EventDate "2018.09.05"]
[EventType "swiss"]
[EventCountry "TUR"]
[SourceTitle "playchess.com"]
[Source "ChessBase"]
[SourceQuality "1"]
[TimeControl "40/5400+30:1800+30"]

1. e4 c5 2. Nf3 d6 3. Bb5+ Bd7 4. Bxd7+ Qxd7 {[%emt 0:00:30] LiveBook: 6302 Games} 5. c4 Nc6 6. Nc3 g6 7. d4 cxd4 8. Nxd4 Bg7 9. Be3 Nf6 10. f3 O-O 11. O-O Rfc8 12. b3 Qd8 13. Kh1 {[%emt 0:04:30] B52: Sicilian: Moscow Variation with 3...Bd7} (13. Qd2 Nd7 14. Nde2 a6 15. Rac1 Qa5 16. Rfd1 h5 17. Nd5 Qxd2 18. Rxd2 Kf8 19. Nec3 Rab8 20. Na4 b5 21. cxb5 axb5 {½-½ (43) Artemiev,V (2660)-Mamedov,R (2652) Khanty-Mansiysk 2014}) 13... Qa5 14. Rc1 a6 {[%emt 0:01:30] [#]} 15. Qd3 $146 ({Predecessor:} 15. a4 e6 16. f4 Qh5 17. Nxc6 Rxc6 18. Qxh5 Nxh5 19. g4 Bxc3 20. gxh5 Bg7 21. hxg6 hxg6 22. f5 exf5 23. exf5 Be5 24. Rg1 Kg7 25. Rg2 {½-½ (25) Andreikin,D (2507)-Andriasian,Z (2463) Yerevan 2006}) 15... Rab8 16. Bd2 Nb4 17. Qe3 Qd8 18. Nd5 Nfxd5 19. exd5 Qb6 ({Avoid the trap} 19... Nxa2 $2 20. Rc2 $18) 20. Bxb4 Bxd4 21. Qe1 Qd8 22. Qe4 Bf6 23. c5 dxc5 24. Bxc5 Qd7 25. Rfe1 b6 26. Bf2 Qb5 27. Rc6 Rd8 28. Bg3 Rb7 29. d6 Rbd7 30. a4 Qxb3 31. Rc7 Rxd6 32. Bxd6 Rxd6 33. Qa8+ Kg7 34. Qxa6 Rd2 35. Qc4 Qe3 36. Qc1 Qf2 37. Rg1 h5 38. Qf1 Qh4 39. Qc4 (39. Qe1 $5 Qf4 40. Rc4 Qxc4 41. Qxd2 $11) 39... Rd4 40. Qb5 Qf4 41. Rgc1 $19 (41. Qc6 $11) 41... Qxc7 0-1

[Event "World Junior U20 Girls 2018"]
[Site "Gebze"]
[Date "2018.09.11"]
[Round "7"]
[White "Maltsevskaya, Aleksandra"]
[Black "Paramzina, Anastasya"]
[Result "1-0"]
[ECO "B90"]
[WhiteElo "2234"]
[BlackElo "2222"]
[Annotator "NA"]
[PlyCount "91"]
[EventDate "2018.09.05"]
[EventType "swiss"]
[EventCountry "TUR"]
[SourceTitle "playchess.com"]
[Source "ChessBase"]
[SourceQuality "1"]
[TimeControl "40/5400+30:1800+30"]

1. e4 c5 2. Nf3 d6 3. d4 cxd4 4. Nxd4 Nf6 5. Nc3 a6 6. h3 e5 7. Nde2 h5 {[%emt 0:00:00] B90: Sicilian Najdorf: Unusual White 6th moves, 6 Be3 Ng4 and 6 Be3 e5} (7... b5 8. Ng3 Qc7 9. Bd3 g6 10. Bg5 Nbd7 11. O-O Bg7 12. a4 bxa4 13. Rxa4 O-O 14. Qd2 Bb7 15. Ra3 Nc5 16. Bxf6 Bxf6 {1-0 (52) Harikrishna,P (2739)-Kokarev,D (2608) Linares 2018}) 8. Bg5 Be6 9. g3 Be7 10. Bg2 O-O 11. O-O Nbd7 12. a4 Rc8 13. b3 {[%emt 0:01:30] [#]} Nh7 $146 ({Predecessor:} 13... Nxe4 14. Bxe7 Nxc3 15. Bxd8 Nxd1 {½-½ (26) Stoyanov,Z (2497)-Casabona,C (2586) ICCF email 2016}) 14. Be3 Nb8 15. Rc1 h4 16. Nd5 hxg3 (16... Bxd5 $11 17. Qxd5 Nc6) 17. Nxe7+ Qxe7 18. Nxg3 b5 19. axb5 axb5 20. Kh2 Rfd8 21. Rg1 Qh4 22. Nf5 Bxf5 23. exf5 Nc6 {[%emt 0:21:30] [#]} 24. Bxc6 $1 Rxc6 25. Rg4 Qf6 26. Qd5 Rdc8 27. Rcg1 Kf8 28. Rxg7 Qxg7 29. Rxg7 Kxg7 30. Qg2+ Kf8 31. Bh6+ Ke7 32. Qg7 Nf6 33. Bg5 d5 34. h4 d4 35. h5 e4 36. h6 d3 37. cxd3 exd3 38. h7 Rd6 39. Bd2 Nxh7 40. Qxh7 Rd4 41. f6+ $18 Kd6 42. Qxf7 Rh8+ 43. Kg3 Rdh4 44. Qe7+ Kd5 45. Qd7+ Kc5 46. f7 1-0

[Event "World Junior U20 Girls 2018"]
[Site "Gebze"]
[Date "2018.09.11"]
[Round "7"]
[White "Altantuya, Boldbaatar"]
[Black "Alinasab, Mobina"]
[Result "1-0"]
[ECO "E10"]
[WhiteElo "2210"]
[BlackElo "2261"]
[Annotator "ChessBase"]
[PlyCount "101"]
[EventDate "2018.09.05"]
[EventType "swiss"]
[EventCountry "TUR"]
[SourceTitle "playchess.com"]
[Source "ChessBase"]
[SourceQuality "1"]
[TimeControl "40/5400+30:1800+30"]

1. Nf3 Nf6 2. c4 e6 3. d4 a6 4. g3 b5 5. Bg2 Bb7 6. O-O bxc4 7. Qc2 c5 8. dxc5 Bxc5 9. Qxc4 Be7 10. Nc3 Nc6 11. Bf4 Rc8 12. Qa4 d5 13. Ne5 O-O 14. Nxc6 Rxc6 15. Rac1 Qb6 16. Be3 Qc7 17. Bf4 Qb6 18. Be3 Qb4 19. Qxb4 Bxb4 20. Bd4 Rfc8 21. a3 Bd6 22. Bxf6 gxf6 23. e4 d4 24. e5 fxe5 25. Bxc6 Rxc6 26. Nb1 Rb6 27. Nd2 Bd5 28. b4 d3 29. Nc4 Rc6 30. Ne3 Rxc1 31. Rxc1 Bf3 32. Kf1 Kf8 33. Ke1 Bb7 34. Nc4 Ke7 35. Nxd6 Kxd6 36. Kd2 e4 37. f3 exf3 38. Kxd3 e5 39. Ke3 f5 40. Rc4 e4 41. Rc5 Ke6 42. Rc7 Bd5 43. Rxh7 Bc4 44. a4 Kf6 45. Rc7 Bf1 46. Rc5 Kg5 47. b5 axb5 48. axb5 Kg4 49. b6 Ba6 50. Ra5 Bb7 51. Ra7 1-0

[Event "World Junior U20 Girls 2018"]
[Site "Gebze"]
[Date "2018.09.11"]
[Round "7"]
[White "Ghukasyan, Siranush"]
[Black "Beydullayeva, Govhar"]
[Result "0-1"]
[ECO "B92"]
[WhiteElo "2205"]
[BlackElo "2202"]
[Annotator "ChessBase"]
[PlyCount "76"]
[EventDate "2018.09.05"]
[EventType "swiss"]
[EventCountry "TUR"]
[SourceTitle "playchess.com"]
[Source "ChessBase"]
[SourceQuality "1"]
[TimeControl "40/5400+30:1800+30"]

1. e4 c5 2. Nf3 d6 3. d4 cxd4 4. Nxd4 Nf6 5. Nc3 a6 6. Be3 e5 7. Nf3 Qc7 8. a4 Be6 9. Be2 Be7 10. O-O O-O 11. a5 Nbd7 12. Ne1 Qc6 13. Bf3 b5 14. axb6 Nxb6 15. Bxb6 Qxb6 16. Nd3 Rfc8 17. Qd2 Nd7 18. Nd5 Bxd5 19. exd5 f5 20. Nb4 h6 21. Ra2 Bg5 22. Qe1 e4 23. Be2 Ne5 24. Bxa6 Re8 25. Kh1 f4 26. c3 Ng4 27. h3 Nf6 28. Qe2 e3 29. Bb5 Ne4 30. Bxe8 Rxe8 31. Kh2 exf2 32. Nc2 Qd8 33. Ra7 Bh4 34. Qg4 Qg5 35. Nd4 Bg3+ 36. Kh1 Qxg4 37. hxg4 Nd2 38. Ne6 Nxf1 0-1

[Event "World Junior U20 Girls 2018"]
[Site "Gebze"]
[Date "2018.09.11"]
[Round "7"]
[White "Hilario, Aleyla"]
[Black "Diakonova, Ekaterina"]
[Result "0-1"]
[ECO "E62"]
[WhiteElo "2203"]
[BlackElo "2243"]
[Annotator "ChessBase"]
[PlyCount "80"]
[EventDate "2018.09.05"]
[EventType "swiss"]
[EventCountry "TUR"]
[SourceTitle "playchess.com"]
[Source "ChessBase"]
[SourceQuality "1"]
[TimeControl "40/5400+30:1800+30"]

1. d4 Nf6 2. Nf3 g6 3. g3 Bg7 4. Bg2 O-O 5. c4 d6 6. O-O c6 7. Nc3 Bf5 8. Nh4 Be6 9. Qd3 Na6 10. a3 d5 11. c5 Ne4 12. b4 Nc7 13. Rd1 Nxc3 14. Qxc3 f6 15. Nf3 Bg4 16. Bf4 Nb5 17. Qb3 Bxf3 18. Bxf3 e5 19. Be3 exd4 20. Bc1 a5 21. a4 Nc7 22. b5 Ne6 23. Ba3 Rb8 24. Rac1 f5 25. Qd3 Qc7 26. Bg2 g5 27. Bb2 g4 28. Rc2 f4 29. e4 dxe3 30. b6 Qe7 31. Bxg7 Qxg7 32. fxe3 f3 33. Bf1 Qe5 34. Rdc1 Ng5 35. Qd4 Qxd4 36. exd4 Rbe8 37. Rd1 Re3 38. Rd3 Re1 39. Kf2 Rfe8 40. Ra2 Rb1 0-1

[Event "World Junior U20 Girls 2018"]
[Site "Gebze"]
[Date "2018.09.11"]
[Round "7"]
[White "Kanakova, Natalie"]
[Black "Nass, Sara"]
[Result "1-0"]
[ECO "A29"]
[WhiteElo "2201"]
[BlackElo "1888"]
[Annotator "ChessBase"]
[PlyCount "65"]
[EventDate "2018.09.05"]
[EventType "swiss"]
[EventCountry "TUR"]
[SourceTitle "playchess.com"]
[Source "ChessBase"]
[SourceQuality "1"]
[TimeControl "40/5400+30:1800+30"]

1. c4 Nf6 2. Nc3 e5 3. Nf3 Nc6 4. g3 d5 5. cxd5 Nxd5 6. Bg2 Bc5 7. O-O O-O 8. d3 h6 9. Bd2 Be6 10. Rc1 Bb6 11. a3 Re8 12. Na4 Qd7 13. Nc5 Bxc5 14. Rxc5 f6 15. b4 a6 16. Be3 Nxe3 17. fxe3 Bh3 18. Bxh3 Qxh3 19. Nh4 Qd7 20. Kh1 b6 21. Rc4 Ne7 22. e4 a5 23. Qb3 Qe6 24. b5 Rac8 25. Rb1 Kh7 26. Qc3 f5 27. Kg2 fxe4 28. Rxe4 Nd5 29. Qc4 c5 30. Nf3 Qd6 31. Rf1 Nf6 32. Rh4 Qe6 33. Ng5+ 1-0

[Event "World Junior U20 Girls 2018"]
[Site "Gebze"]
[Date "2018.09.11"]
[Round "7"]
[White "Georgescu, Lena"]
[Black "Lingur, Zalina"]
[Result "1/2-1/2"]
[ECO "B23"]
[WhiteElo "2195"]
[BlackElo "2061"]
[Annotator "ChessBase"]
[PlyCount "83"]
[EventDate "2018.09.05"]
[EventType "swiss"]
[EventCountry "TUR"]
[SourceTitle "playchess.com"]
[Source "ChessBase"]
[SourceQuality "1"]
[TimeControl "40/5400+30:1800+30"]

1. e4 c5 2. Nc3 a6 3. Nge2 d6 4. g3 g6 5. Bg2 Bg7 6. d4 cxd4 7. Nxd4 Nc6 8. Nxc6 bxc6 9. O-O Qc7 10. Be3 Nf6 11. h3 O-O 12. Qd2 Rd8 13. Rad1 Nd7 14. b3 a5 15. Na4 Ba6 16. c4 Nc5 17. Bxc5 dxc5 18. Qg5 Bd4 19. Nxc5 Bc8 20. Na4 f6 21. Qh6 e5 22. c5 Ba6 23. Rfe1 Bb5 24. Qc1 Qe7 25. Bf1 Bxa4 26. bxa4 Rab8 27. Bc4+ Kg7 28. Bb3 Bxc5 29. Rxd8 Rxd8 30. Rd1 Rxd1+ 31. Qxd1 Qd6 32. Qxd6 Bxd6 33. Kf1 Bc5 34. Ke2 Bd4 35. Be6 h6 36. Bd7 c5 37. Be6 Kf8 38. f3 Ke7 39. Bg8 f5 40. g4 fxg4 41. fxg4 Kf6 42. Kf3 1/2-1/2